 Dungeon Crawl Stone Soup version 0.30-a0-528-g8c47a4955b (webtiles) character file.

Game seed: 14658397136093699022

1423 Crownlay the Grave Robber (level 8, -1/64 HPs)
             Began as a Demonspawn Necromancer on Dec 23, 2022.
             Was an Initiate of Gozag.
             Slain by a yak (10 damage)
             ... on level 5 of the Dungeon.
             The game lasted 00:15:56 (5512 turns).

Crownlay the Grave Robber (Demonspawn Necromancer)  Turns: 5512, Time: 00:15:57

Health: -1/64      AC:  7    Str: 14    XL:     8   Next: 44%
Magic:  25/25      EV: 12    Int: 18    God:    Gozag
Gold:   342        SH:  0    Dex: 17    Spells: 10/18 levels left

rFire   + . .      SeeInvis .    m - +8 mace "Reomiv" {drain, *Noise rF+ Dex+6}
rCold   + + .      Faith    .    (no shield)
rNeg    + . .      Spirit   .    a - +0 robe
rPois   .          Reflect  .    (helmet restricted)
rElec   .          Harm     .    (no cloak)
rCorr   +          Rampage  .    s - +0 pair of gloves
Will    .....                    x - +0 pair of boots of the Wilderness {rC++ rN+ rCorr Dex-4}
Stlth   ++                       H - amulet of the acrobat
HPRegen 0.30/turn                j - +6 ring of strength
MPRegen 0.19/turn                p - ring of magical power

@: gold aura
A: horns 2, thin metallic scales 2, spiny 1
a: Renounce Religion, Potion Petition, Call Merchant, Bribe Branch


You were on level 5 of the Dungeon.
You worshipped Gozag.
Gozag was aware of your devotion.
You visited 1 branch of the dungeon, and saw 6 of its levels.

You collected 438 gold pieces.
You paid 96 gold pieces to Gozag.

Inventory:

Hand Weapons
 l - a +0 short sword of electrocution
 m - the +8 mace "Reomiv" (weapon) {drain, *Noise rF+ Dex+6}
   (You found it on level 2 of the Dungeon)

   A truly terrible weapon, it drains the life of any living foe it strikes.
   Dex:       It affects your dexterity (+6).
   rF:        It protects you from fire.
   *Noise:    It may make noises in combat.
Armour
 a - a +0 robe (worn)
 g - a +0 helmet
 s - a +0 pair of gloves (worn)
 x - the +0 pair of boots of the Wilderness (worn) {rC++ rN+ rCorr Dex-4}
   (You found it on level 4 of the Dungeon)

   Dex:       It affects your dexterity (-4).
   rC:        It greatly protects you from cold.
   rN:        It protects you from negative energy.
   rCorr:     It protects you from acid and corrosion.
Jewellery
 i - a ring of ice
 j - a +6 ring of strength (left hand)
 p - a ring of magical power (right hand)
 D - a +6 ring of strength
 F - an amulet of faith
 H - an amulet of the acrobat (around neck)
Wands
 r - a wand of flame (16)
 u - a wand of polymorph (14)
 v - a wand of acid (11)
 y - a wand of charming (1)
 I - a wand of mindburst (8)
Scrolls
 c - 2 scrolls of teleportation
 e - a scroll of noise {unknown}
 f - a scroll of fog
 n - a scroll of torment {unknown}
 q - a scroll of silence {unknown}
 t - a scroll of magic mapping {unknown}
 w - a scroll of poison {unknown}
 C - a scroll of blinking {unknown}
 J - a scroll of butterflies {unknown}
 K - a scroll of immolation {unknown}
Potions
 b - a potion of magic
 d - 2 potions of ambrosia {unknown}
 h - 2 potions of brilliance {unknown}
 k - 3 potions of degeneration {unknown}
 o - 2 potions of curing {unknown}
 z - a potion of attraction {unknown}
 A - a potion of cancellation {unknown}
 B - 2 potions of resistance {unknown}
 E - a potion of mutation {unknown}
 G - a potion of heal wounds {unknown}


   Skills:
 - Level 6.0 Fighting
 - Level 1.7 Dodging
 - Level 1.7 Stealth
 + Level 1.8 Unarmed Combat
 + Level 5.8 Spellcasting
 - Level 7.4 Necromancy


You had 10 spell levels left.
You knew the following spells:

 Your Spells              Type           Power      Damage    Failure   Level
a - Necrotise             Necr           100%       1d9       1%          1
b - Vampiric Draining     Necr           32%        2d8       1%          3
c - Animate Dead          Necr           32%        N/A       5%          4

Your spell library contained the following spells:

 Spells                   Type           Power      Damage    Failure   Level
 Agony                    Necr           32%        N/A       16%         5
 Ozocubu's Armour         Ice            5%         N/A       36%         3
 Ozocubu's Refrigeration  Ice            2%         4d8       100%        7


Dungeon Overview and Level Annotations

Branches:
Dungeon (6/15)
 Temple: D:4-7

Altars:
Ashenzari
Fedhas
Gozag
Nemelex Xobeh
Sif Muna
Trog
Vehumet
Yredelemnul

Shops:
D:3 (

Annotations:
D:3 1 runed translucent door


Innate Abilities, Weirdness & Mutations

You have a pair of horns on your head.
You are mostly covered in thin metallic scales. (AC +3)
You are partially covered in sharp spines.


Message History

You hit the scorpion.
The scorpion is heavily wounded.
You feel very sick. The scorpion closely misses you. x2
You barely miss the scorpion.
The scorpion is heavily wounded.
You feel sick. The yak is struck by your spines. The yak completely misses you.
The scorpion barely misses you. The yak gores you!
You hit the scorpion but do no damage.
You headbutt the scorpion, but do no damage.
The scorpion is heavily wounded.
You feel sick. The scorpion closely misses you.
The yak is struck by your spines. The yak gores you!
The scorpion completely misses you.
You are too injured to fight recklessly!
You are too injured to fight recklessly!
You completely miss the scorpion.
The scorpion is heavily wounded.
You feel sick. The scorpion is struck by your spines. The scorpion stings you.
The yak is struck by your spines. The yak gores you!
* * * LOW HITPOINT WARNING * * *
The scorpion is struck by your spines.
You kill the scorpion!
The yak gores you.
* * * LOW HITPOINT WARNING * * *
Training target 6.0 for Fighting reached!
Your Fighting skill increases to level 6!
You feel sick. The yak attacks as you move away! The yak misses you.
You feel sick.
There is a stone staircase leading up here.
You feel sick.
You are no longer poisoned.
The yak is struck by your spines. The yak misses you.
The yak closely misses you.
You climb upwards.
There is a stone staircase leading down here.
Okay, then.
The yak attacks as you move away! The yak gores you!
You die...
Your body crumbles into a pile of gold.

#.# ###..####
#.#####..# #........#
########.# #######
#.# #.....# #.#
#.###.# #.#
##Y###.#######.####
#######
#.@........Z.......
.....>#
###Y.###.######...###
#####.# #......#.#
#.....# #####.##
#.#..#.#Z# ##...##
...Z...# #.#......#
##.## #####..#
#.#.##Z### #.# #
##..# #........# #.#
####...# #...##Z#.#
##+## ##.....#
#...##.#.# ##...##


You could see 2 yaks.

Vanquished Creatures
  A wyvern (D:5)
  2 ice beasts
  A necrophage (D:6)
  5 scorpions
  A bullfrog (D:4)
  5 hounds
  An orc priest (D:6)
  An iguana (D:6)
  4 orc wizards
  8 adders
  3 worms
  6 dart slugs
  8 orcs
  9 endoplasms
  3 giant cockroaches
  10 goblins
  10 hobgoblins
  6 jackals (D:1)
  8 kobolds
  7 quokkas
  6 ball pythons
  6 bats
  5 frilled lizards
  A jackal skeleton (D:3)
  4 rats
121 creatures vanquished.

Vanquished Creatures (collateral kills)
  An ice beast (D:5)
  A phantom (D:5)
  An orc zombie (D:4)
  A worm (D:2)
  An orc (D:3)
  A bat (D:1)
  2 rats (D:2)
8 creatures vanquished.

Vanquished Creatures (others)
  An orc zombie (D:3)
  A quokka zombie (D:5)
  17 plants (D:4)
19 creatures vanquished.

Grand Total: 148 creatures vanquished

Notes
Turn   | Place    | Note
-------+----------+-------------------------------------------
     0 | D:1      | Crownlay the Demonspawn Necromancer began the quest for the
                  | Orb.
     0 | D:1      | Reached XP level 1. HP: 13/13 MP: 3/3
   181 | D:2      | Reached skill level 1 in Fighting
   181 | D:2      | Gained mutation: You are partially covered in sharp spines.
                  | [demonic ancestry]
   181 | D:2      | Reached XP level 2. HP: 21/21 MP: 1/5
   501 | D:1      | Reached XP level 3. HP: 26/26 MP: 2/6
  1066 | D:1      | Learned a level 3 spell: Vampiric Draining
  1121 | D:1      | Reached skill level 5 in Necromancy
  1429 | D:1      | Gained mutation: You have a pair of small horns on your
                  | head. [demonic ancestry]
  1429 | D:1      | Reached XP level 4. HP: 33/33 MP: 4/8
  1804 | D:2      | Identified the +8 mace "Reomiv" {drain, *Noise rF+ Dex+6}
  2202 | D:3      | Learned a level 4 spell: Animate Dead
  2372 | D:3      | Found Reudeira's Weapon Emporium.
  2534 | D:3      | Found a faded altar of an unknown god.
  2580 | D:3      | Gained mutation: You are partially covered in thin metallic
                  | scales. (AC +2) [demonic ancestry]
  2580 | D:3      | Reached XP level 5. HP: 39/39 MP: 9/9
  2776 | D:3      | Found a radiant altar of Vehumet.
  2937 | D:3      | Noticed a human
  2938 | D:3      | Found a runed translucent door.
  2945 | D:3      | Found a basalt altar of Yredelemnul.
  3166 | D:4      | Reached XP level 6. HP: 40/48 MP: 11/11
  3304 | D:4      | Found a shimmering blue altar of Sif Muna.
  3410 | D:4      | Identified the +0 pair of boots of the Wilderness {rC++ rN+
                  | rCorr Dex-4}
  3613 | D:4      | Found a bloodstained altar of Trog.
  3655 | D:4      | Reached skill level 6 in Necromancy
  3746 | D:4      | Found a sparkling altar of Nemelex Xobeh.
  3747 | D:4      | Found a blossoming altar of Fedhas.
  4156 | D:5      | Entered Level 5 of the Dungeon
  4160 | D:5      | Found a broken altar of Ashenzari.
  4179 | D:5      | Noticed an ice beast
  4190 | D:5      | Killed an ice beast
  4191 | D:5      | Gained mutation: You have a pair of horns on your head.
                  | [demonic ancestry]
  4191 | D:5      | Reached XP level 7. HP: 54/54 MP: 13/13
  4343 | D:5      | Reached skill level 5 in Spellcasting
  4343 | D:5      | Reached skill level 7 in Necromancy
  4761 | D:5      | Noticed a wyvern
  4768 | D:5      | Killed a wyvern
  4769 | D:5      | Gained mutation: You are mostly covered in thin metallic
                  | scales. (AC +3) [demonic ancestry]
  4769 | D:5      | Reached XP level 8. HP: 35/61 MP: 16/16
  4890 | D:5      | Found an opulent altar of Gozag.
  4899 | D:5      | Became a worshipper of Gozag Ym Sagoz the Greedy
  5057 | D:5      | Reached skill level 5 in Fighting
  5319 | D:6      | Reached skill level 1 in Unarmed Combat
  5512 | D:5      | Slain by a yak

Illustrated notes

Levels and vault maps discovered:
D:1:      heliophobic_arrival_henge, layout_basic
D:2:      layout_basic, amethyst_killhole
D:3:      layout_loops_ring, vehumet_altar_wand_db, dk_yredelemnul_ordeal,
          serial_shops, nicolae_shop_bloodbath_and_beyond,
          hellmonk_ecumenical_altar_heavens_door, grunt_decor_junction,
          solitary_fountain
D:4:      layout_cave_pods, lightli_temple_of_fire, led_sif_book,
          nicolae_overflow_squiral, serial_bayou, serial_bayou_pond_c,
          serial_bayou_lake_a, serial_bayou_shore_a, serial_bayou_pond_e
D:5:      layout_loops_corners, nicolae_gozag_seed_capital,
          ashenzari_conservatory_becter
D:6:      layout_cave_pods, grunt_potential

Skill      XL: |  1  2  3  4  5  6  7  8 |
---------------+-------------------------+-----
Fighting       | 1 2 3 4 6 |  6.0
Necromancy     | 5 6 7 |  7.4
Spellcasting   | 3 4 5 |  5.8
Unarmed Combat | 1 |  1.8
Dodging        | |  1.7
Stealth        | |  1.7

Action                   |  1- 3 |  4- 6 |  7- 9 || total
-------------------------+-------+-------+-------++-------
Melee: Unarmed           |     3 |       |       ||     3
       Dagger            |    10 |       |       ||    10
       Mace              |       |    56 |    36 ||    92
       Headbutt          |       |     5 |     9 ||    14
       Punch             |       |       |     1 ||     1
 Cast: Necrotise         |    63 |    65 |    31 ||   159
       Animate Dead      |       |     3 |       ||     3
  Use: Scroll            |       |     2 |       ||     2
 Stab: Sleeping          |       |     1 |       ||     1
       Distracted        |       |       |     2 ||     2
Armor: Robe              |     4 |    17 |    17 ||    38
Dodge: Dodged            |    13 |    36 |    33 ||    82

Table legend: (Time is in decaauts)
 A = Elapsed time spent in this place.
 B = Non-inter-level travel time spent in this place.
 C = Inter-level travel time spent in this place.
 D = Time resting spent in this place.
 E = Time spent auto-exploring this place.
 F = Levels seen in this place.
 G = Mean time per level.
                   A        B        C        D        E       F      G
               +--------+--------+--------+--------+--------+-----+--------+
         Total |   5608 |   5489 |    119 |     32 |   4561 |   6 |  934.7 |
       Dungeon |   5608 |   5489 |    119 |     32 |   4561 |   6 |  934.7 |
               +--------+--------+--------+--------+--------+-----+--------+

Top non-repeatable levels by time:
     D:1: 1343 daAuts
     D:4: 1234 daAuts
     D:5: 1091 daAuts
     D:3: 848 daAuts
     D:2: 806 daAuts
     D:6: 283 daAuts
